 Dungeon Crawl Stone Soup version 0.28-a0-1167-g616b1c6417 (webtiles) character file.

Game seed: 13670494889111994227

971 ChaosChampion the Thaumaturge (level 7, -5/36 HPs)
             Began as a Deep Elf Conjurer on Dec 16, 2021.
             Slain by a bullfrog skeleton (6 damage)
             ... on level 5 of the Dungeon.
             The game lasted 00:05:11 (4756 turns).

ChaosChampion the Thaumaturge (Deep Elf Conjurer)   Turns: 4756, Time: 00:05:11

Health: -5/36      AC:  2    Str:  2 (4)  XL:     7   Next: 94%
Magic:  0/21       EV: 12    Int: 22 (25) God:
Gold:   1442       SH:  0    Dex: 11 (13) Spells: 17/24 levels left

rFire   . . .      SeeInvis .   (no weapon)
rCold   . . .      Faith    .   (no shield)
rNeg    . . .      Spirit   .   a - +0 robe
rPois   .          Reflect  .   (no helmet)
rElec   .          Harm     .   (no cloak)
rCorr   .          Rampage  .   (no gloves)
Will    .....                   (no boots)
Stlth   ++........              (no amulet)
HPRegen 0.12/turn               (no ring)
MPRegen 0.17/turn               (no ring)

@: lethally poisoned (-5 -> -8)
A: no striking features
a: no special abilities


You were on level 5 of the Dungeon.
You visited 1 branch of the dungeon, and saw 5 of its levels.

You collected 1442 gold pieces.

Inventory:

Armour
 a - a +0 robe (worn)
Jewellery
 b - an amulet of faith
Scrolls
 e - 2 scrolls of vulnerability
 g - 2 scrolls of teleportation
 h - a scroll of acquirement
 l - 2 scrolls of summoning
 n - a scroll of amnesia {unknown}
 q - a scroll of immolation {unknown}
Potions
 c - 2 potions of cancellation
 d - a potion of brilliance
 i - a potion of resistance
 k - a potion of berserk rage
 p - a potion of might {unknown}
 r - a potion of curing {unknown}
 s - a potion of mutation {unknown}
 t - 2 potions of flight {unknown}


   Skills:
 - Level 2.4 Dodging
 - Level 2.4 Stealth
 + Level 9.0 Spellcasting
 + Level 7.7 Conjurations
 - Level 3.0 Translocations


You had 17 spell levels left.
You knew the following spells:

 Your Spells              Type           Power      Damage    Failure   Level
a - Magic Dart            Conj           100%       1d8       1%          1
b - Searing Ray           Conj           86%        2d7       1%          2
d - Iskenderun's Mystic   Conj/Tloc      33%        2d8       8%          4

Your spell library contained the following spells:

 Spells                   Type           Power      Damage    Failure   Level
 Dazzling Flash           Conj/Hex       52%        N/A       4%          3
 Fulminant Prism          Conj/Hex       13%        3d9       14%         4


Dungeon Overview and Level Annotations

Branches:
Dungeon (5/15)
 Temple: D:4-7

Altars:
Ru
Uskayaw


Message History

Press: ? - help, Shift-Dir - straight line, f - scorpion
Aim: a scorpion (almost dead, 100% to hit)
The magic dart hits the scorpion but does no damage.
The scorpion is almost dead.
You feel very sick. The scorpion stings you!
You feel sick.
You feel sick.
You see here a hound corpse.
You feel sick. The scorpion stings you.
You are more poisoned.
The scorpion poisons you!
You feel very sick.
* * * LOW HITPOINT WARNING * * *
You feel very sick.
* * * LOW HITPOINT WARNING * * *
You feel sick.
You feel sick.
You feel sick. The scorpion stings you.
* * * LOW HITPOINT WARNING * * *
There is an escape hatch in the floor here.
Casting: Magic Dart (safe; 1% risk of failure)
Confirm with . or Enter, or press ? or * to list all spells.
Aiming: Searing Ray (safe; 1% risk of failure)
Press: ? - help, Shift-Dir - straight line, f/p - scorpion
Aim: a scorpion (almost dead, 83% to hit)
The searing ray hits the scorpion.
You kill the scorpion!
The searing ray hits the bullfrog skeleton!
The bullfrog skeleton is heavily damaged. (Press . to maintain the ray.)
* * * LOW HITPOINT WARNING * * *
You feel sick.
Your Spellcasting skill increases to level 9!
It was a potion of degeneration.
There was something very wrong with that liquid.
You feel weakened.
You feel dopey.
You feel clumsy.
* * * LOW HITPOINT WARNING * * *
You feel sick. The bullfrog skeleton hits you.
You die...

#.# #.# #.#
#.# #<# #.#
#.# #.# #.#
#.# #.# #.#
..#
#.############
###
#.........<..#
############@#
#Z# #.#
######.####
#........Z#
#.####.##†#
#>##.# #.##.#
#.##.#


You could see a bullfrog skeleton.

Vanquished Creatures
  Grinder (D:5)
  Pargi (D:4)
  An ogre (D:3)
  A phantom (D:4)
  A scorpion (D:5)
  A water moccasin skeleton (D:5)
  4 wights (D:4)
  2 hounds (D:5)
  2 hound skeletons
  8 adders
  A white imp (D:3)
  An adder skeleton (D:4)
  5 dart slugs
  2 bats
  7 endoplasms
  6 giant cockroaches
  7 goblins
  5 hobgoblins
  6 jackals
  4 quokkas
  2 ball pythons
  A ball python skeleton (D:2)
  3 frilled lizards (D:1)
  A kobold (D:1)
  5 rats
78 creatures vanquished.

Vanquished Creatures (others)
  4 fungi (D:4)
4 creatures vanquished.

Grand Total: 82 creatures vanquished

Notes
Turn   | Place    | Note
-------+----------+-------------------------------------------
     0 | D:1      | ChaosChampion the Deep Elf Conjurer began the quest for the
                  | Orb.
     0 | D:1      | Reached XP level 1. HP: 10/10 MP: 6/6
   332 | D:1      | Reached XP level 2. HP: 15/15 MP: 6/8
   364 | D:1      | Learned a level 2 spell: Searing Ray
   551 | D:1      | Reached skill level 4 in Spellcasting
  1129 | D:2      | Reached XP level 3. HP: 19/19 MP: 6/11
  1567 | D:2      | Found a faded altar of an unknown god.
  1660 | D:2      | Reached skill level 5 in Spellcasting
  1660 | D:2      | Reached skill level 5 in Conjurations
  1713 | D:2      | Reached XP level 4. HP: 24/24 MP: 10/13
  2014 | D:3      | Noticed an ogre
  2022 | D:3      | Killed an ogre
  2023 | D:3      | Reached skill level 6 in Spellcasting
  2023 | D:3      | Reached XP level 5. HP: 14/28 MP: 4/15
  2218 | D:3      | Learned a level 4 spell: Iskenderun's Mystic Blast
  2219 | D:3      | Found a sacrificial altar of Ru.
  2869 | D:4      | Noticed a phantom
  2877 | D:4      | Killed a phantom
  2878 | D:4      | Reached skill level 1 in Translocations
  2878 | D:4      | Reached XP level 6. HP: 31/32 MP: 6/17
  3663 | D:4      | Found a hide-covered altar of Uskayaw.
  3686 | D:4      | Reached skill level 7 in Spellcasting
  4096 | D:4      | Noticed Pargi
  4115 | D:4      | Killed Pargi
  4116 | D:4      | Reached XP level 7. HP: 10/36 MP: 2/20
  4392 | D:5      | Entered Level 5 of the Dungeon
  4438 | D:5      | Identified 2 scrolls of acquirement
  4438 | D:5      | Acquired 1262 gold pieces
  4488 | D:5      | Noticed Grinder
  4497 | D:5      | Killed Grinder
  4498 | D:5      | Reached skill level 8 in Spellcasting
  4756 | D:5      | Reached skill level 9 in Spellcasting
  4756 | D:5      | HP: 1/36 [poisoned by a scorpion]
  4756 | D:5      | Slain by a bullfrog skeleton

Illustrated notes

Levels and vault maps discovered:
D:1:      tarquinn_simple_flora_water_a, layout_basic, minmay_misc_feat_rugged,
          minmay_ruptured
D:2:      minmay_chambers_of_twos, layout_rooms,
          shapermc_ecumenical_altar_ellora
D:3:      layout_rooms, general_overflow_altar
D:4:      layout_loops_ring, eat_drink_and_be_merry_uskayaw, serial_aquarium,
          aquarium_bridge_square [aquarium_subvault_balcony,
          aquarium_subvault_bridge, aquarium_subvault_bridge,
          aquarium_subvault_bridge], aquarium_window_2, aquarium_window_2,
          aquarium_view_2c, small_statue_intersection, grunt_ministairs_6,
          nicolae_underground_beach, uniq_pargi
D:5:      layout_loops_ring, nicolae_dithmenos_shadow_blocks,
          gup_sewer_entry_pipe, minmay_misc_feat_roman, minmay_liquid_box,
          grunt_decor_fettered, corexii_corridor_pit,
          hangedman_abyss_or_decor_stabs, uniq_grinder, uniq_crazy_yiuf_cottage

Skill      XL: |  1  2  3  4  5  6  7 |
---------------+----------------------+-----
Spellcasting   | 4 5 6 7 9 |  9.0
Conjurations   | 5 6 7 |  7.7
Translocations | 1 3 |  3.0
Dodging        | |  2.4
Stealth        | |  2.4

Action                   |  1- 3 |  4- 6 |  7- 9 || total
-------------------------+-------+-------+-------++-------
 Cast: Magic Dart        |    53 |    96 |     7 ||   156
       Searing Ray       |     3 |    17 |    13 ||    33
       Iskenderun's Myst |       |     2 |     5 ||     7
  Use: Scroll            |       |       |    10 ||    10
       Potion            |       |       |     2 ||     2
Armor: Robe              |       |     1 |     2 ||     3
Dodge: Dodged            |       |    13 |     6 ||    19

Table legend: (Time is in decaauts)
 A = Elapsed time spent in this place.
 B = Non-inter-level travel time spent in this place.
 C = Inter-level travel time spent in this place.
 D = Time resting spent in this place.
 E = Time spent auto-exploring this place.
 F = Levels seen in this place.
 G = Mean time per level.
                   A        B        C        D        E       F      G
               +--------+--------+--------+--------+--------+-----+--------+
         Total |   4757 |   4637 |    120 |    195 |   3951 |   5 |  951.4 |
       Dungeon |   4757 |   4637 |    120 |    195 |   3951 |   5 |  951.4 |
               +--------+--------+--------+--------+--------+-----+--------+

Top non-repeatable levels by time:
     D:4: 1595 daAuts
     D:1: 1028 daAuts
     D:3: 903 daAuts
     D:2: 898 daAuts
     D:5: 332 daAuts
